 Dungeon Crawl Stone Soup version 0.22.0-49-gab54619 (webtiles) character file.

81 lysyklops the Ruffian (level 4, 0/36 HPs)
             Began as a Draconian Transmuter on Sept 7, 2018.
             Succumbed to an adder's poison
             ... on level 3 of the Dungeon.
             The game lasted 00:08:01 (2350 turns).

lysyklops the Ruffian (Draconian Transmuter)        Turns: 2350, Time: 00:08:02

Health: 0/36       AC:  5    Str: 14    XL:     4   Next: 19%
Magic:  7/8        EV: 12    Int: 13    God:
Gold:   106        SH:  0    Dex: 11    Spells: 5/8 levels left

rFire    . . .     SeeInvis .     - Unarmed
rCold    . . .     Gourm    .   (no shield)
rNeg     . . .     Faith    .   (armour unavailable)
rPois    .         Spirit   .   (helmet restricted)
rElec    .         Reflect  .   (no cloak)
rCorr    .         Harm     .   (no gloves)
MR       .....                  (no boots)
Stlth    +.........             (no amulet)
HPRegen  0.12/turn              (no ring)
MPRegen  0.11/turn              (no ring)

@: lethally poisoned (0 -> -2), appendage
A: unfitting armour, horns 2, cold-blooded, AC +5
a: End Transformation


You were on level 3 of the Dungeon.
You were hungry.
You had grown temporary horns.
You visited 1 branch of the dungeon, and saw 3 of its levels.

You collected 106 gold pieces.

Inventory:

Missiles
 a - 12 arrows
 h - 15 poisoned needles
Scrolls
 b - 6 scrolls of remove curse {unknown}
 g - a scroll of enchant armour {unknown}
 j - a scroll of fear {unknown}
Potions
 d - a potion of haste {unknown}
 e - a potion of degeneration {unknown}
 f - a potion of resistance {unknown}
 i - a potion of flight {unknown}
Comestibles
 c - 3 rations


   Skills:
 + Level 1.9 Fighting
 + Level 2.4 Dodging
 + Level 3.4 Unarmed Combat
 + Level 2.7 Spellcasting
 + Level 2.5 Transmutations


You had 5 spell levels left.
You knew the following spells:

 Your Spells              Type           Power        Failure   Level  Hunger
a - Beastly Appendage     Tmut           #.....       9%          1    #......
b - Sticks to Snakes      Tmut           #.......     12%         2    ###....

Your spell library contained the following spells:

 Spells                   Type           Power        Failure   Level  Hunger
 Spider Form              Tmut/Pois      #.........   38%         3    ###....
 Ice Form                 Ice/Tmut       #.......     80%         4    #####..
 Blade Hands              Tmut           #.........   92%         5    ######.


Dungeon Overview and Level Annotations

Branches:
Dungeon (3/15)

Altars:
Trog

Annotations:
D:3 Ijyb


Innate Abilities, Weirdness & Mutations

Your plain brown scales are hard. (AC +5)
You cannot fit into any form of body armour.
You are cold-blooded and may be slowed by cold attacks.
You have a pair of horns on your head.


Message History

The adder poisons you!
You hit the adder. You tail-slap the adder.
You kill the adder!
You feel sick.
Casting: Beastly Appendage (safe; 9% risk of failure)
Confirm with . or Enter, or press ? or * to list all spells.
You grow a pair of large bovine horns.
Ijyb hits you with an enchanted club.
You hit Ijyb but do no damage.
You feel sick. The goblin hits you but does no damage.
Ijyb zaps a wand.
The bolt of acid hits you!
You are splashed with acid!
The acid burns!
* * * LOW HITPOINT WARNING * * *
It is a wand of acid (9).
You completely miss Ijyb. The goblin closely misses you. Ijyb misses you.
Ijyb hits you with an enchanted club.
* * * LOW HITPOINT WARNING * * *
You see here a stone.
You closely miss Ijyb. The goblin hits you but does no damage.
You closely miss Ijyb. You headbutt Ijyb.
Ijyb is moderately wounded.
You die...

##### ..#.####### #.#........
#.#.####### #.#.......#
#.#....g#.#####
#.#..).@g..#.. #
#.#.#####..#.### .#
##)#........#...##.###
#.....................
#....................[
#.....................
########........<............
.............................
..[..........................


You could see Ijyb and a goblin.

Vanquished Creatures
  2 adders
  A dart slug (D:1)
  A leopard gecko (D:1)
  4 orcs (D:3)
  4 giant cockroaches
  7 goblins
  6 hobgoblins (D:1)
  2 jackals (D:1)
  2 quokkas (D:2)
  4 bats
  6 frilled lizards
  8 kobolds
  5 rats
52 creatures vanquished.

Notes
Turn   | Place    | Note
-------+----------+-------------------------------------------
     0 | D:1      | lysyklops the Draconian Transmuter began the quest for the
                  | Orb.
     0 | D:1      | Reached XP level 1. HP: 16/16 MP: 3/3
   381 | D:1      | Reached XP level 2. HP: 21/23 MP: 5/5
  1032 | D:1      | Learned a level 2 spell: Sticks to Snakes
  1319 | D:1      | Reached XP level 3. HP: 18/28 MP: 6/6
  2166 | D:2      | Found a bloodstained altar of Trog.
  2298 | D:3      | Reached XP level 4. HP: 26/36 MP: 6/8
  2320 | D:3      | Noticed Ijyb
  2348 | D:3      | HP: 1/36 [Ijyb/enchanted club (4)]
  2350 | D:3      | Succumbed to an adder's poison

Skill      XL: |  1 |
---------------+----+-----
Dodging        | 2 |  2.4
Fighting       | |  1.9
Unarmed Combat | |  3.4
Spellcasting   | |  2.7
Transmutations | |  2.5

Action                   |  1- 3 |  4- 6 || total
-------------------------+-------+-------++-------
Melee: Unarmed           |   194 |    17 ||   211
       Tailslap          |    19 |     2 ||    21
       Kick              |     2 |       ||     2
       Headbutt          |     2 |     3 ||     5
 Cast: Beastly Appendage |     7 |     1 ||     8
  Eat: Chunk             |     4 |       ||     4
Armor: Skin              |    52 |     3 ||    55
Dodge: Dodged            |   124 |    10 ||   134
